[Event "14th Margaryan Memorial-GM 2024"]
[Site "Yerevan"]
[Date "2024.01.08"]
[Round "1.1"]
[White "Movahed, Sina"]
[Black "Babujian, Levon"]
[Result "1-0"]
[ECO "C63"]
[WhiteElo "2450"]
[BlackElo "2346"]
[Annotator "RC"]
[PlyCount "89"]
[EventDate "2024.01.08"]
[EventType "tourn"]
[EventCountry "ARM"]
[SourceTitle "playchess.com"]
[Source "ChessBase"]
[SourceQuality "1"]
[TimeControl "40/5400+30:1800+30"]

1. e4 e5 2. Nf3 Nc6 3. Bb5 f5 4. d3 fxe4 5. dxe4 Nf6 6. O-O Bc5 7. Bxc6 bxc6 8. Nxe5 O-O 9. Nc3 d6 10. Na4 Nxe4 11. Nxc5 Nxc5 12. Nxc6 Qe8 13. Nd4 Qg6 14. f3 Bb7 15. b3 Nd7 16. Qd3 Qf6 17. Be3 Ne5 18. Qd2 Qg6 19. f4 Ng4 20. f5 Qh5 21. h3 Nxe3 22. Qxe3 c5 23. Qe2 Qxe2 24. Nxe2 Rae8 25. Ng3 Re3 26. Kh2 d5 27. Rf4 Rc3 28. Rf2 Re8 29. f6 gxf6 30. Nh5 Re5 31. Nxf6+ Kg7 32. Raf1 Ba6 33. Rd1 d4 34. Rdd2 Bc8 35. b4 d3 36. cxd3 cxb4 37. d4 Re6 38. Nh5+ Kh6 39. d5 Rd6 40. Nf6 Rc4 41. Rd3 Rd8 42. Rg3 Rc3 43. Ng8+ Kh5 44. Rg7 Rd6 45. g4+ 1-0

[Event "14th Margaryan Memorial-GM 2024"]
[Site "Yerevan"]
[Date "2024.01.08"]
[Round "1.2"]
[White "Shahinyan, David"]
[Black "Shuvalova, Polina"]
[Result "1-0"]
[ECO "C45"]
[WhiteElo "2436"]
[BlackElo "2475"]
[Annotator "TA"]
[PlyCount "127"]
[EventDate "2024.01.08"]
[EventType "tourn"]
[EventCountry "ARM"]
[SourceTitle "playchess.com"]
[Source "ChessBase"]
[SourceQuality "1"]
[TimeControl "40/5400+30:1800+30"]

1. e4 e5 2. Nf3 Nc6 3. d4 exd4 4. Nxd4 Nf6 5. Nxc6 bxc6 6. Nd2 Bc5 {[%emt 0:00:13] C45: Scotch Game.} 7. e5 {[%emt 0:00:10] 7.Nb3 is becoming the main line.} Qe7 {[%emt 0:00:19][%cal Od7d5] White should prevent ...d5!} 8. Qe2 {[%emt 0:00:06] Prevents d5.} Nd5 {[%emt 0:00:23] The position is equal.} 9. Nb3 (9. Qe4 $11) 9... O-O (9... Bb4+ $1 $15 {was preferrable.} 10. Kd1 (10. c3 Nxc3 11. bxc3 Bxc3+ 12. Bd2 Bxa1 $11) 10... O-O) 10. Nxc5 $11 Qxc5 11. c4 Nb6 12. b3 {[%emt 0:09:56] [#]} d5 $146 (12... Re8 $5 ) ({Predecessor:} 12... d6 13. f4 Re8 14. Be3 Qa3 15. Bc1 Qc5 16. Be3 Qa3 17. Bc1 Qc5 {½-½ Pasini,N (2197)-Van Foreest,L (2522) Spilimbergo op 18th 2020 (4)}) 13. exd6 $1 Bg4 {[%emt 0:16:03][%mdl 64] Deflection} 14. Qxg4 Qe5+ 15. Kd1 Qxa1 16. Kc2 $1 $40 {[%emt 0:04:41][%mdl 128] White mounts an attack.} (16. dxc7 Qxa2 17. Qe2 Qxb3+ 18. Qc2 Qb4 $19) 16... Qf6 (16... cxd6 $2 17. Bb2 $18) 17. Bd3 {[%emt 0:01:25] Active counter play!} (17. dxc7 $14 Qxf2+ 18. Kb1) 17... Qxf2+ (17... cxd6 $15 18. f3 Qe7) 18. Bd2 $1 {[%emt 0:03:43] Some like it hot. A strong pair of Bishops.} f5 (18... cxd6 19. Rf1 f5 20. Qh3 $14) 19. Qh3 {[%emt 0:03:36] Threatens to win with Rf1.} cxd6 (19... g6 $11 {keeps the balance.}) 20. Rf1 $16 Qc5 {[%emt 0:01:15] aiming for ...g6.} (20... Qd4 $2 21. Bxf5 Rxf5 22. Qxf5 $18) 21. Bxf5 Rxf5 22. Rxf5 (22. Qxf5 Qxf5+ 23. Rxf5 d5 $14) 22... d5 23. Bc3 $1 {[%emt 0:06:12][%cal Oc3g7] Black must now prevent Bxg7!} Re8 (23... Qd6 $142) 24. Qg3 (24. Bxg7 $1 $16 {Qh5 would kill now.} Nxc4 25. bxc4 Qxc4+ 26. Bc3 Qxa2+ 27. Bb2 (27. Kc1 Qa3+ 28. Bb2 Qxh3 $16) 27... Qc4+ 28. Qc3 (28. Kd1 $2 Qe2+ 29. Kc1 Qe1+ 30. Kc2 Re2+ 31. Kb3 Re3+ $19)) 24... g6 $14 25. Re5 Rf8 26. Qg4 Qf2+ (26... Rf2+ {feels hotter.} 27. Kc1 Rf1+ 28. Kd2 Rf2+) 27. Re2 Qf5+ 28. Qxf5 Rxf5 29. cxd5 $1 Nxd5 {[%emt 0:01:14][%mdl 4096] Endgame KRB-KRN} 30. Bd4 a6 31. Re6 (31. g3 $14) 31... Kf7 $11 32. Re2 (32. Rxc6 $2 {perishes.} Nb4+ 33. Kc3 Nxc6 $19) 32... h5 33. a3 Rf1 34. Rf2+ Rxf2+ 35. Bxf2 {[%emt 0:00:01] next Kd3 is good for White. KB-KN} Ke6 (35... g5 $1 $11) 36. Kd3 $1 $16 Nf4+ 37. Ke4 $1 Nd5 {[%emt 0:01:59] [#]} (37... g5 $16 {is a better defense.}) 38. Kd4 $1 $18 g5 39. Kc5 Kd7 {[%emt 0:00:14] [#]} 40. Be1 $1 g4 41. Bd2 {[%emt 0:17:19] Repels Nf4} Kc7 42. h3 gxh3 (42... Ne7 $16 {was called for.} 43. hxg4 hxg4) 43. gxh3 Kd7 44. Bg5 Kc7 45. Bh6 Kd7 (45... Nc3 $142 46. Bf4+ Kb7) 46. Bd2 Kc7 47. Be1 ({Better is} 47. a4 $18) 47... Kd7 $2 {[%emt 0:02:56][%mdl 8192] Black cannot hold the game after this.} (47... Ne3 $16 48. Ba5+ Kb7) 48. Bg3 {[%emt 0:01:53] White is clearly winning.} Nc3 49. Kb6 Nb5 50. a4 ({Inferior is} 50. Kxa6 Nxa3 51. Bf2 Ke6 $11) 50... Nd4 51. b4 (51. Kxa6 $142 Ne2 52. Be1) 51... Nc2 52. Kxa6 Nxb4+ 53. Kb6 Nd5+ 54. Kc5 Kc8 55. Kxc6 Ne7+ 56. Kb6 Nd5+ 57. Ka7 h4 58. Bh2 Ne7 59. a5 Nd5 60. a6 Nb4 61. Kb6 Nd5+ 62. Kc5 Ne3 63. Kc6 {[%emt 0:00:18] Threatening mate with a7.} Nf5 64. a7 {[%emt 0:02:53] Weighted Error Value: White=0.12 (very precise) /Black=0.23 (precise)} 1-0

[Event "14th Margaryan Memorial-GM 2024"]
[Site "Yerevan"]
[Date "2024.01.08"]
[Round "1.3"]
[White "Agasarov, Benik"]
[Black "Davtyan, Arsen"]
[Result "1-0"]
[ECO "E04"]
[WhiteElo "2340"]
[BlackElo "2392"]
[Annotator "RC"]
[PlyCount "137"]
[EventDate "2024.01.08"]
[EventType "tourn"]
[EventCountry "ARM"]
[SourceTitle "playchess.com"]
[Source "ChessBase"]
[SourceQuality "1"]
[TimeControl "40/5400+30:1800+30"]

1. d4 Nf6 2. c4 e6 3. g3 d5 4. Bg2 dxc4 5. Nf3 Nc6 6. Qa4 Bb4+ 7. Bd2 Nd5 8. Bxb4 Ndxb4 9. O-O Rb8 10. Nc3 a6 11. Ne5 O-O 12. Nxc6 Nxc6 13. Bxc6 bxc6 14. Qxc4 Qd6 15. b3 Rb4 16. Ne4 Qxd4 17. Qxd4 Rxd4 18. Nc5 e5 19. f3 f5 20. Kf2 Kf7 21. Rac1 Kf6 22. Rc2 g5 23. e3 Rd6 24. b4 h5 25. Ke2 Rfd8 26. a4 Ke7 27. a5 h4 28. gxh4 gxh4 29. Rg1 Kf6 30. Rgc1 Rg8 31. Kf2 h3 32. Rg1 Rxg1 33. Kxg1 Rd1+ 34. Kf2 Rh1 35. Kg3 f4+ 36. exf4 Rg1+ 37. Kh4 exf4 38. Nd3 Rg2 39. Rxc6+ Ke7 40. Nxf4 Rxh2 41. Rxc7+ Kd8 42. Rh7 Rb2 43. Kg3 Rb3 44. Rh8+ Kc7 45. Nd5+ Kb7 46. Rh6 Rb2 47. Rh7+ Kb8 48. Rh8 Kb7 49. Rh6 Bd7 50. Rh7 Kc6 51. Nb6 Bf5 52. Rh6+ Kc7 53. Kf4 Bb1 54. Nd5+ Kd7 55. Rxh3 Kc6 56. Rh5 Ba2 57. b5+ axb5 58. Ne7+ Kb7 59. Rh6 Bc4 60. a6+ Kc7 61. a7 Ra2 62. Rh7 Kb6 63. Nc8+ Kc5 64. Rc7+ Kd4 65. Nb6 Bd3 66. a8=Q Rxa8 67. Nxa8 b4 68. Rb7 Kc3 69. Nb6 1-0

[Event "14th Margaryan Memorial-GM 2024"]
[Site "Yerevan"]
[Date "2024.01.08"]
[Round "1.4"]
[White "Ohanyan, Emin"]
[Black "Ivanov, Sergey"]
[Result "1-0"]
[ECO "B83"]
[WhiteElo "2456"]
[BlackElo "2462"]
[Annotator "TA"]
[PlyCount "85"]
[EventDate "2024.01.08"]
[EventType "tourn"]
[EventCountry "ARM"]
[SourceTitle "playchess.com"]
[Source "ChessBase"]
[SourceQuality "1"]
[TimeControl "40/5400+30:1800+30"]

1. e4 c5 2. Nf3 e6 3. Be2 Nc6 4. O-O Nf6 5. Nc3 Be7 6. d4 cxd4 7. Nxd4 Qc7 8. Kh1 O-O 9. f4 d6 10. Be3 Nxd4 11. Bxd4 e5 {[%emt 0:00:54] B83: Sicilian Scheveningen: 6 Be2, lines without ...a6.} 12. Be3 b6 {[%emt 0:00:57] [#]} 13. g4 $146 (13. Bd3 $142) ({Predecessor:} 13. Bd3 Bb7 14. Qf3 Rad8 15. Rae1 Qc8 16. Nd5 Nxd5 17. exd5 Bf6 18. c3 exf4 19. Bxf4 {½-½ Antal,G (2571)-Mihok,O (2549) HUN-ch Rapid 2022 (10)}) 13... Bb7 $11 {[%emt 0:02:29] Black has an edge.} 14. Bf3 d5 15. g5 (15. Nxd5 $11 {remains equal.} Nxd5 {[%mdl 64] Remove Defender} 16. exd5) 15... dxe4 $17 16. gxf6 (16. Bg2 $142 Rfd8 17. Qe2) 16... exf3 $19 17. Nd5 (17. fxe7 f2+ 18. Nd5 Rad8 19. exd8=N (19. exf8=Q+ $2 Kxf8 20. Rxf2 Rxd5 $19) 19... Rxd8 20. Rxf2 Rxd5 $19) 17... f2 $1 (17... Bxd5 18. fxe7 Qxe7 19. Qxd5 $16) 18. fxe7 {[%emt 0:01:05] [#]} Rad8 19. exd8=Q Rxd8 20. h3 $2 (20. Rxf2 Rxd5 21. Kg1 (21. Qf3 $2 Rb5 $19) 21... Rxd1+ 22. Rxd1) 20... Rxd5 21. Qg4 exf4 (21... Qxc2 $2 22. Kh2 $18 (22. Bxf2 $2 Rd2+ 23. Kg1 Qe4 $19) (22. Rxf2 Qe4+ 23. Rg2 g6 $11)) 22. Bxb6 axb6 23. Kh2 {[%emt 0:00:01] White is weak on the dark squares} h5 (23... Qxc2 24. Qxf4 Rd2 25. Rac1 $11) 24. Qh4 Rd2 $2 (24... Qxc2 25. Rxf2 Rd2 26. Qd8+ Rxd8 27. Rxc2 $15) (24... f6 25. Rxf2 Rg5) 25. Rxf2 Rxc2 26. Raf1 Rxf2+ {[%emt 0:02:20][%mdl 64] Remove Defender} 27. Rxf2 {[%emt 0:01:00][%mdl 4096] Endgame KQR-KQB} Qc6 $1 (27... f3+ 28. Qg3 Qe7 29. Rd2 $17) 28. Qxf4 $2 (28. Qd8+ Kh7 29. Qd1) 28... Qh1+ $2 (28... f6 $1 $19 29. Qd2 g5) 29. Kg3 $11 {[%emt 0:00:01] Really sharp!} Qg1+ 30. Kh4 f6 31. Qf5 {[%emt 0:01:24] [#]} (31. Kxh5 Kh7) (31. Qe3 $11 {and White stays safe.} Kh7 32. Re2 (32. Qxb6 $2 Qg5#)) 31... Be4 $2 32. Qe6+ $14 (32. Qxe4 $2 Qg5#) ({Wrong is} 32. Rf1 $2 Qe3 33. Qe6+ Kh7 $19) 32... Kf8 33. Rxf6+ $1 {[%emt 0:00:17][%mdl 64] Demolition} (33. Qxb6 $2 Qg5#) ({But not} 33. Qc8+ Ke7 34. Qc7+ Ke8 35. Qc8+ (35. Qxb6 $2 Qg5#) 35... Ke7 36. Qc7+ Ke8 37. Qc8+ (37. Qxb6 $2 Qg5#) 37... Ke7 $11) 33... gxf6 34. Qxf6+ (34. Qxe4 $2 Qg5#) 34... Kg8 {[%emt 0:01:15] Threatens to win with ...Bg6.} 35. Qe6+ (35. Kxh5 $2 {perishes.} Qg7 36. Qxg7+ Kxg7 $17) 35... Kg7 36. Qxe4 {[%emt 0:00:53] Black must now prevent Qe7+. KQ-KQ} Qf2+ $1 37. Kxh5 {[%emt 0:00:11] Strongly threatening Qe7+.} Qxb2 38. Qe7+ Kg8 $2 {[%emt 0:00:19][%mdl 8192] [#]} (38... Kh8 $14) 39. Kh6 $1 {[%emt 0:00:35][%cal Re7e8] White mates.} Qd2+ 40. Qg5+ Qxg5+ 41. Kxg5 Kf7 42. a4 Kg7 43. Kf5 {[%emt 0:00:15] What a bad dream for Black. A fantastic game!   Weighted Error Value: White=0.74/Black=0.59} 1-0

[Event "14th Margaryan Memorial-GM 2024"]
[Site "Yerevan"]
[Date "2024.01.08"]
[Round "1.5"]
[White "Sorensen, Hampus"]
[Black "Grebnev, Aleksey"]
[Result "0-1"]
[ECO "A50"]
[WhiteElo "2458"]
[BlackElo "2535"]
[Annotator "TA"]
[PlyCount "86"]
[EventDate "2024.01.08"]
[EventType "tourn"]
[EventCountry "ARM"]
[SourceTitle "playchess.com"]
[Source "ChessBase"]
[SourceQuality "1"]
[TimeControl "40/5400+30:1800+30"]

1. d4 Nf6 2. c4 e6 3. Bf4 Bb4+ 4. Nd2 c5 5. dxc5 Nc6 6. a3 {[%emt 0:05:47] A50: Queen's Fianchetto Defence (1 d4 Nf6 2 c4 b6).} Bxc5 7. e3 O-O 8. Ngf3 {[%emt 0:01:20] [#] The position is equal.} b6 $146 ({Predecessor:} 8... a5 9. Be2 Qb6 10. Qb3 Qa7 11. O-O a4 12. Qc2 h6 13. h3 d6 14. Bh2 e5 {0-1 Yordanov,L (2323)-Krishnan,R (2176) Benidorm op-A 2023 (2)}) 9. Be2 Be7 10. h3 d6 11. Bh2 e5 12. Rc1 h6 13. Nb1 Bf5 14. Nc3 Rc8 15. Nd5 (15. O-O $14) 15... Qd7 16. Nd2 Nxd5 17. cxd5 {[%emt 0:00:32] Strongly threatening Bb5.} Nb8 18. Rxc8 Rxc8 19. e4 Bg6 20. O-O Rc7 21. Bd3 Bg5 22. Nb1 b5 23. Nc3 a6 24. Ne2 Qe7 25. g3 Nd7 26. f4 $2 {[%emt 0:00:25] White is on the road to losing.} (26. h4 $11 Bf6 27. f3) 26... exf4 $17 27. gxf4 {[%emt 0:00:08] [#]} Bf6 28. e5 dxe5 29. Bxg6 {[%emt 0:00:59] Black must now prevent d6.} Qc5+ (29... fxg6 $2 30. d6 Qd8 31. Qd5+ Kh7 32. dxc7 $18) 30. Kh1 fxg6 31. Nc3 Qc4 32. Re1 exf4 33. Re4 Qc5 34. Bxf4 (34. Re8+ $142 Nf8 35. Bxf4) 34... Rc8 $19 35. Be3 Qc7 36. Bd4 Kh7 37. Qg4 (37. Qd3 $142) 37... Rf8 {[%emt 0:01:58] ...Bxd4 would be deadly.} 38. Kg2 Bxd4 {[%emt 0:00:33][%mdl 64] Deflection} 39. Rxd4 Ne5 40. d6 $2 (40. Qe2) 40... Qc5 ({Don't blunder} 40... Qf7 $2 41. Qe2 $19) 41. Qe4 Nc6 42. Rd1 Qf2+ 43. Kh1 {[%emt 0:00:05] [#]} Rf3 $1 {[%emt 0:00:09] Weighted Error Value: White=0.75/Black=0.04 (flawless)} 0-1

[Event "14th Margaryan Memorial-GM 2024"]
[Site "Yerevan"]
[Date "2024.01.09"]
[Round "2.1"]
[White "Babujian, Levon"]
[Black "Grebnev, Aleksey"]
[Result "1/2-1/2"]
[ECO "E11"]
[WhiteElo "2346"]
[BlackElo "2535"]
[Annotator "TA"]
[PlyCount "65"]
[EventDate "2024.01.08"]
[EventType "tourn"]
[EventCountry "ARM"]
[SourceTitle "playchess.com"]
[Source "ChessBase"]
[SourceQuality "1"]
[TimeControl "40/5400+30:1800+30"]

1. d4 Nf6 2. c4 e6 3. Nf3 Bb4+ 4. Bd2 a5 5. g3 d5 6. Bg2 O-O 7. O-O dxc4 {[%emt 0:00:33] E11: Bogo-Indian.} 8. Qc2 Bxd2 9. Nbxd2 b5 $1 10. a4 c6 11. b3 cxb3 12. Nxb3 Nd5 13. e4 Nb4 14. Qc3 Ba6 {[%emt 0:00:15] And now ...bxa4 would win.} 15. axb5 Bxb5 16. Rfc1 Nd7 {[%emt 0:02:48] [#]} 17. Nxa5 $1 {[%emt 0:04:40][%mdl 64] Remove Defender} Rxa5 18. Qxb4 Rxa1 19. Rxa1 {[%emt 0:00:05] [#]} Nf6 $146 ({Predecessor:} 19... Qb6 20. Bf1 h6 21. Rb1 Rb8 22. Qd6 Nf6 23. Qe5 Qd8 24. Nd2 Nd7 {½-½ Goncalves,G (1748)-Nogueira,D (1691) Portugal op Oeiras 2015 (8)}) 20. Ne5 Nd7 21. Ng4 Nf6 {[%emt 0:00:49] [#]} (21... Qb6 $11) 22. Nxf6+ $1 $16 Qxf6 23. h4 {[%emt 0:03:03] White is more active.} h6 24. Qc5 (24. Ra3 $16) 24... Rd8 $11 {[%emt 0:02:05] The position is equal.} 25. e5 Qf5 26. Qb6 Rc8 27. Qb7 Rd8 28. Ra8 Rxa8 29. Qxa8+ Kh7 30. Bxc6 Qb1+ 31. Kh2 {[%emt 0:00:14] Strongly threatening Be4+.} Bxc6 32. Qxc6 Qd3 {[%emt 0:00:10] Repels Qf3} 33. Qd7 {[%emt 0:17:20] Weighted Error Value: White=0.07 (flawless) /Black=0.05 (flawless)} 1/2-1/2

[Event "14th Margaryan Memorial-GM 2024"]
[Site "Yerevan"]
[Date "2024.01.09"]
[Round "2.2"]
[White "Ivanov, Sergey"]
[Black "Sorensen, Hampus"]
[Result "1/2-1/2"]
[ECO "D35"]
[WhiteElo "2462"]
[BlackElo "2458"]
[Annotator "TA"]
[PlyCount "80"]
[EventDate "2024.01.08"]
[EventType "tourn"]
[EventCountry "ARM"]
[SourceTitle "playchess.com"]
[Source "ChessBase"]
[SourceQuality "1"]
[TimeControl "40/5400+30:1800+30"]

1. d4 Nf6 2. c4 e6 3. Nc3 d5 4. cxd5 exd5 5. Bg5 Be7 6. e3 O-O 7. Bd3 Re8 8. Nge2 {[%emt 0:05:23] D35: Queen's Gambit Declined: Exchange Variation.} c6 9. O-O a5 $1 {[%emt 0:04:17][%mdl 4] is more profitable than 9...Nbd7 at the moment.} 10. f3 {[%emt 0:06:55] White has an edge.} Nbd7 11. Kh1 Nf8 12. Qc2 {[%emt 0:01:56] [#]} Nh5 $146 ({Predecessor:} 12... Ng6 13. e4 dxe4 14. fxe4 Bg4 15. Rad1 Bxe2 16. Bxe2 Nxe4 17. Nxe4 Bxg5 18. Bc4 Rf8 19. d5 cxd5 20. Rxd5 Qe7 21. Nxg5 {1-0 Kristiansen,J (2405)-Auvinen,E (1972) Wch Seniors 50 24th 2014 (1)}) 13. Bxe7 Rxe7 14. e4 dxe4 15. fxe4 Bg4 16. Rad1 Rd7 17. e5 Qg5 (17... g6 $1 $11 {keeps the balance.}) 18. Bf5 $16 Re7 19. Ne4 (19. Qe4 $16 Nf6 20. Qd3 (20. exf6 Rxe4 21. Nxe4 Qe3 $17) 20... Bxe2 21. Qxe2) 19... Bxf5 $11 20. Rxf5 Qxf5 21. Nf6+ $1 {[%emt 0:00:12][%mdl 64] [#] Discovered Attack} Qxf6 $1 22. exf6 Nxf6 23. Nc3 Rd7 24. Qb3 Ne6 25. d5 cxd5 26. Nxd5 Nxd5 27. Rxd5 Rxd5 28. Qxd5 {[%emt 0:00:07][%mdl 4096] Endgame KQ-KRN} Rd8 29. Qb3 {[%emt 0:02:20][%cal Oh2h3][%mdl 1024] White has compensation.} b6 30. h3 (30. Qxb6 $2 {too greedy.} Rd1+ $19) 30... Rd6 31. Qg3 Rc6 32. Qb8+ Nf8 33. Kh2 Re6 34. Qd8 h6 35. Kg3 g6 36. Kf2 Kg7 37. Qd4+ Kg8 38. Qd8 Kg7 39. Qd4+ Kg8 40. Qd8 Kg7 {[%emt 0:00:00] Weighted Error Value: White=0.10 (very precise) /Black=0.08 (flawless)} 1/2-1/2

[Event "14th Margaryan Memorial-GM 2024"]
[Site "Yerevan"]
[Date "2024.01.09"]
[Round "2.3"]
[White "Davtyan, Arsen"]
[Black "Ohanyan, Emin"]
[Result "1/2-1/2"]
[ECO "E11"]
[WhiteElo "2392"]
[BlackElo "2456"]
[Annotator "RC"]
[PlyCount "65"]
[EventDate "2024.01.08"]
[EventType "tourn"]
[EventCountry "ARM"]
[SourceTitle "playchess.com"]
[Source "ChessBase"]
[SourceQuality "1"]
[TimeControl "40/5400+30:1800+30"]

1. d4 Nf6 2. c4 e6 3. Nf3 d5 4. g3 Bb4+ 5. Bd2 a5 6. Bg2 O-O 7. O-O dxc4 8. Qc2 Bxd2 9. Nbxd2 b5 10. a4 c6 11. b3 cxb3 12. Nxb3 Nd5 13. e4 Nb4 14. Qc3 Ba6 15. Rfd1 Nd7 16. axb5 Bxb5 17. Nxa5 Rxa5 18. Qxb4 Rxa1 19. Rxa1 Nf6 20. Ne5 Nd7 21. Nc4 Bxc4 22. Qxc4 Qb6 23. Rc1 Rd8 24. Bf3 g6 25. Kg2 Nf6 26. Rd1 Kg7 27. Rd3 Qb5 28. Rc3 Qb6 29. Rd3 h5 30. h4 Qb5 31. Rc3 Qb6 32. Rd3 Qb5 33. Rc3 1/2-1/2

[Event "14th Margaryan Memorial-GM 2024"]
[Site "Yerevan"]
[Date "2024.01.09"]
[Round "2.4"]
[White "Shuvalova, Polina"]
[Black "Agasarov, Benik"]
[Result "1/2-1/2"]
[ECO "C54"]
[WhiteElo "2475"]
[BlackElo "2340"]
[Annotator "TA"]
[PlyCount "64"]
[EventDate "2024.01.08"]
[EventType "tourn"]
[EventCountry "ARM"]
[SourceTitle "playchess.com"]
[Source "ChessBase"]
[SourceQuality "1"]
[TimeControl "40/5400+30:1800+30"]

1. e4 e5 2. Nf3 Nc6 3. Bc4 Nf6 4. d3 Bc5 5. c3 O-O 6. O-O d5 7. exd5 Nxd5 8. a4 {[%emt 0:00:10] C54: Giuoco Piano: 4 c3 Nf6, main lines with 5 d4 and 5 d3.} a5 9. Re1 Bg4 10. Nbd2 Nb6 11. Bb5 Bd6 12. h3 Bh5 13. Ne4 Na7 (13... f5 $5 14. Ng3 Bxf3 15. Qxf3 Qd7 $14) 14. d4 Nxb5 15. dxe5 {[%emt 0:02:08] [#]} (15. axb5 $11 exd4 16. Nxd6 Qxd6 17. Qxd4) 15... Nxc3 $1 $15 16. bxc3 Be7 {[%emt 0:05:24] [#]} 17. Qe2 $146 ({Predecessor:} 17. Qxd8 Rfxd8 18. Nd4 Bg6 19. Bg5 Bxg5 20. Nxg5 h6 21. Ngf3 Nd5 22. c4 Nf4 23. e6 Nxe6 24. Nxe6 fxe6 25. Rxe6 {0-1 Sivuk,V (2520)-Kozionov,K (2439) Moscow Aeroflot op-B 16th 2017 (6)}) 17... Qd5 18. Bf4 Rad8 19. g4 Bg6 20. Nd4 Qd7 21. Ng3 Nd5 ({Resist} 21... Nxa4 22. e6 Nxc3 23. exd7 $14) 22. Bd2 Bc5 23. h4 {[%emt 0:07:23] [#]} (23. Ngf5 $11) 23... Nxc3 24. Bxc3 $11 {[%emt 0:00:23] Strongly threatening Red1.} Bxd4 25. Bxd4 (25. Red1 $11 Bd3 26. Rxd3 Bxf2+ 27. Kxf2 Qxd3 28. Qxd3 Rxd3 29. Bxa5) 25... Qxd4 $19 26. h5 Bd3 27. Qf3 {[%emt 0:00:04] [#]} Qd5 (27... h6 $1 $19 28. Qxb7 Qxg4 29. Qxc7 Bf5) 28. Qe3 Qd4 (28... h6 $17 29. Rac1 c6) 29. Qf3 $1 Qd5 (29... h6 $19 30. Nf5 Qb4) 30. Qe3 $1 $17 c5 (30... h6 $17 31. Rac1 c6) 31. h6 $1 $11 {[%emt 0:10:05] hxg7 is the strong threat.} g6 {[%emt 0:00:30] [#]} (31... Qe6 $11) 32. Rad1 (32. Nh5 $1 $16 {[%cal Rh5f6] Nf6+ would be deadly.} Qc6 33. Nf6+ Kh8 34. Red1) 32... c4 {[%emt 0:00:30] Weighted Error Value: White=0.20 (precise) /Black=0.37} 1/2-1/2

[Event "14th Margaryan Memorial-GM 2024"]
[Site "Yerevan"]
[Date "2024.01.09"]
[Round "2.5"]
[White "Movahed, Sina"]
[Black "Shahinyan, David"]
[Result "1/2-1/2"]
[ECO "C41"]
[WhiteElo "2450"]
[BlackElo "2436"]
[Annotator "RC"]
[PlyCount "116"]
[EventDate "2024.01.08"]
[EventType "tourn"]
[EventCountry "ARM"]
[SourceTitle "playchess.com"]
[Source "ChessBase"]
[SourceQuality "1"]
[TimeControl "40/5400+30:1800+30"]

1. e4 d6 2. d4 Nf6 3. Nc3 e5 4. Nf3 Nbd7 5. Bc4 Be7 6. O-O O-O 7. a4 c6 8. Re1 exd4 9. Nxd4 Ne5 10. Bf1 Re8 11. b3 Bd7 12. Bb2 Bf8 13. Qd2 Qc7 14. Rad1 a6 15. Nde2 Rad8 16. Nf4 b5 17. Nd3 Ng6 18. f3 Bc8 19. axb5 axb5 20. Ne2 Nd7 21. Nd4 Nde5 22. f4 Nxd3 23. cxd3 d5 24. e5 b4 25. Qf2 c5 26. Nc2 d4 27. g3 Ne7 28. Rc1 Qb6 29. Re2 Be6 30. Ne1 Bxb3 31. Nf3 Nd5 32. Nd2 Ba4 33. Nc4 Qb8 34. f5 Bb5 35. e6 f6 36. Bg2 Nc3 37. Ree1 Bd6 38. Qd2 Qc7 39. Ra1 Be7 40. Bf3 Rb8 41. Qc2 Bc6 42. Qg2 Bxf3 43. Qxf3 Red8 44. Ra5 Qb7 45. Qh5 Rf8 46. Rea1 Nb5 47. Ra6 Qd5 48. Qg4 Rfd8 49. Bc1 Bf8 50. Nb6 Qb7 51. Nd7 Rxd7 52. exd7 Qxd7 53. Rxf6 b3 54. Re6 c4 55. dxc4 Nc7 56. Bb2 Nxe6 57. fxe6 Qc6 58. Qf4 Qxe6 1/2-1/2

[Event "14th Margaryan Memorial-GM 2024"]
[Site "Yerevan"]
[Date "2024.01.10"]
[Round "3.1"]
[White "Shahinyan, David"]
[Black "Babujian, Levon"]
[Result "1-0"]
[ECO "B23"]
[WhiteElo "2436"]
[BlackElo "2346"]
[Annotator "RC"]
[PlyCount "45"]
[EventDate "2024.01.08"]
[EventType "tourn"]
[EventCountry "ARM"]
[SourceTitle "playchess.com"]
[Source "ChessBase"]
[SourceQuality "1"]
[TimeControl "40/5400+30:1800+30"]

1. e4 c5 2. Nc3 e6 3. f4 Nc6 4. Nf3 d5 5. Bb5 Nge7 6. Ne5 f6 7. Qh5+ g6 8. Nxg6 Nxg6 9. f5 Kf7 10. exd5 exd5 11. O-O Bd6 12. Nxd5 Nd4 13. Bc4 b5 14. Bd3 Kg7 15. Be4 Ne5 16. c3 Ndc6 17. d4 Nf7 18. Nf4 Qe8 19. Ne6+ Bxe6 20. Qg4+ Ng5 21. Bxg5 Rg8 22. fxe6 fxg5 23. Rf7+ 1-0

[Event "14th Margaryan Memorial-GM 2024"]
[Site "Yerevan"]
[Date "2024.01.10"]
[Round "3.2"]
[White "Agasarov, Benik"]
[Black "Movahed, Sina"]
[Result "1-0"]
[ECO "E52"]
[WhiteElo "2340"]
[BlackElo "2450"]
[Annotator "RC"]
[PlyCount "123"]
[EventDate "2024.01.08"]
[EventType "tourn"]
[EventCountry "ARM"]
[SourceTitle "playchess.com"]
[Source "ChessBase"]
[SourceQuality "1"]
[TimeControl "40/5400+30:1800+30"]

1. d4 Nf6 2. c4 e6 3. Nc3 Bb4 4. e3 b6 5. Bd2 Bb7 6. Nf3 O-O 7. Bd3 d5 8. cxd5 exd5 9. Rc1 Be7 10. Ne5 c5 11. O-O a6 12. f4 Nc6 13. Be1 cxd4 14. Nxc6 Bxc6 15. Ne2 Bd7 16. Nxd4 Re8 17. Qf3 Ne4 18. Bxe4 dxe4 19. Qxe4 Bc5 20. Qf3 Bb5 21. Rf2 Bd3 22. Bc3 Qd7 23. Rd2 Be4 24. Qg3 Bf8 25. h3 f6 26. Kh2 Qf7 27. a3 Rac8 28. Ne2 a5 29. Rcd1 Rc7 30. Bd4 Rb7 31. Bc3 Bc6 32. Rd8 Rbe7 33. Rxe8 Rxe8 34. Bd4 b5 35. Rc1 Qd5 36. Nc3 Qd6 37. Nd1 Qe6 38. Nf2 b4 39. axb4 axb4 40. e4 h5 41. h4 Ba8 42. e5 Rd8 43. Bc5 fxe5 44. Bxf8 Rxf8 45. Rc7 g6 46. fxe5 Qb6 47. Qb3+ Kh8 48. Rf7 Qd8 49. Rxf8+ Qxf8 50. Qe3 Kg7 51. Nh3 Qe7 52. Qd4 b3 53. Ng5 Kh6 54. Qd6 Qg7 55. Ne6 Qg8 56. Qd2+ Kh7 57. Ng5+ Kh6 58. e6 Qb8+ 59. g3 Qb7 60. Nf7+ Kg7 61. Qd4+ Kf8 62. Qd8+ 1-0